 Dungeon Crawl Stone Soup version 0.20.1-1-g8b1a95d (webtiles) character file.

187 Monsterracer the Conjurer (level 5, 21/21 HPs)
             Began as a Felid Conjurer on Sept 8, 2017.
             Was a Follower of Ashenzari.
             Quit the game on level 6 of the Dungeon.
             The game lasted 00:10:53 (5984 turns).

Monsterracer the Conjurer (Felid Conjurer)          Turns: 5984, Time: 00:10:53

Health: 21/21      AC:  2    Str:  4    XL:     5   Next: 39%
Magic:  11/11      EV: 18    Int: 19    God:    Ashenzari [*.....]
Gold:   196        SH:  0    Dex: 19    Spells: 0/11 levels left
                                        Lives:  0   Deaths: 2

rFire    . . .     SeeInvis +   (weapon unavailable)
rCold    . . .     Gourm    .   (shield unavailable)
rNeg     . . .     Faith    .   (armour unavailable)
rPois    .         Spirit   .   (helmet unavailable)
rElec    .         Reflect  .   (cloak unavailable)
rCorr    .         Harm     .   (gloves unavailable)
MR       .....                  (boots unavailable)
Stlth    +++.......             i - amulet of magic regeneration (curse)
Regen    0.1/turn               v - +3 ring of dexterity (curse)
MPRegen  0.2/turn               (no ring)

@: quick
A: no armour, no weapons or thrown items, stealth, claws 1, fangs 3, see
invisible, carnivore 3, speed 1, shaggy fur 2, slow metabolism 1, sharp paws
a: Curse Item, Scrying, Renounce Religion


You were on level 6 of the Dungeon.
You worshipped Ashenzari.
Ashenzari was aware of your devotion.
You were not hungry.

You visited 2 branches of the dungeon, and saw 7 of its levels.

You collected 196 gold pieces.

Inventory:

Jewellery
 c - an uncursed amulet of regeneration
 i - a cursed amulet of magic regeneration (around neck)
 v - a cursed +3 ring of dexterity (left paw)
Wands
 g - a wand of lightning (2/15)
 w - a wand of lightning (15/15)
Scrolls
 e - a scroll of identify
 r - 2 scrolls of recharging
 t - 2 scrolls of fog
Potions
 d - a potion of cancellation
 f - 2 potions of heal wounds
 h - 5 potions of curing
 l - a potion of agility
 m - a potion of magic
 x - a potion of might
Books
 a - a book of Conjurations

   Spells                             Type                      Level
   a - Magic Dart                     Conjuration                  1
   b - Searing Ray                    Conjuration                  2
   c - Dazzling Spray                 Conjuration/Hexes            3
   d - Fulminant Prism                Conjuration/Hexes            4
   e - Force Lance                    Conjuration/Translocation    4
   f - Iskenderun's Mystic Blast      Conjuration                  4
Comestibles
 b - 3 meat rations
 j - a royal jelly


   Skills:
 - Level 2.6 Dodging
 - Level 2.6 Stealth
 + Level 3.9 Spellcasting
 * Level 6.3 Conjurations
 * Level 3.4 Hexes
 + Level 4.9 Translocations


You couldn't memorise any spells.
You knew the following spells:

 Your Spells              Type           Power        Failure   Level  Hunger
a - Magic Dart            Conj           ####         1%          1    None
b - Searing Ray           Conj           ####..       1%          2    ##.....
c - Fulminant Prism       Conj/Hex       ###.......   19%         4    ####...
d - Force Lance           Conj/Tloc      ####....     13%         4    ####...


Dungeon Overview and Level Annotations

Branches:
Dungeon (6/15)             Temple (1/1) D:4

Altars:
Ashenzari
Cheibriados
Dithmenos
Elyvilon
Fedhas
Gozag
Hepliaklqana
Kikubaaqudgha
Nemelex Xobeh
Ru
Sif Muna
Uskayaw
Vehumet
Xom

Annotations:
D:6 hilaritas's ghost, novice DEIE


Innate Abilities, Weirdness & Mutations

You cannot wear armour.
You are incapable of wielding weapons or throwing items.
Your paws allow you to move quietly. (Stealth)
You have sharp claws.
You have razor-sharp teeth.
You have supernaturally acute eyesight. (SInv)
You are carnivorous and can eat meat at any time.
You cover ground quickly.
You are covered in thick fur. (AC +2)
You have a slow metabolism.
Your sharp claws are effective at attacking unaware monsters.


Message History

Hilaritas's ghost is severely damaged. (Press . to maintain the ray.)
The searing ray misses hilaritas's ghost.
* * * LOW MAGIC WARNING * * *
Hilaritas's ghost casts a spell at you. The puff of frost hits you!
Ouch! That really hurt!
* * * LOW HITPOINT WARNING * * *
Huge Dmg: -50%(-12hp) hp: 50%(12hp)
The searing ray hits hilaritas's ghost.
Hilaritas's ghost is severely damaged.
* * * LOW MAGIC WARNING * * *
Hilaritas's ghost points at you and mumbles some strange words.
The puff of frost hits you!
Ouch! That really hurt!
You die...
You are now level 5!
You rejoin the land of the living...
Unknown command.
Are you sure you want to abandon this character and quit the game? (Confirm with "yes".)

##.
#.######.....
#....@....#
#########.#


There were no monsters in sight!

Vanquished Creatures
  Grinder (D:3)
  A centaur (D:5)
  The ghost of gobwax the Slasher, a weakling MiFi (D:3)
  A crimson imp (D:5)
  A jelly (D:5)
  A hound (D:5)
  An orc priest (D:5)
  2 orc wizards (D:5)
  Jessica (D:3)
  4 gnolls (D:5)
  5 adders
  A shadow imp (D:5)
  2 oozes
  2 worms
  3 dart slugs
  A leopard gecko (D:1)
  4 orcs
  A ball python (D:3)
  5 giant cockroaches
  7 goblins
  4 hobgoblins
  7 jackals
  A quokka (D:5)
  10 bats
  7 frilled lizards
  A giant cockroach zombie (D:5)
  9 kobolds
  A leopard gecko skeleton (D:4)
  A quokka skeleton (D:4)
  10 rats
96 creatures vanquished.

Vanquished Creatures (others)
  4 fulminant prisms
4 creatures vanquished.

Grand Total: 100 creatures vanquished

Notes
Turn   | Place    | Note
-------+----------+-------------------------------------------
     0 | D:1      | Monsterracer the Felid Conjurer began the quest for the Orb.
     0 | D:1      | Reached XP level 1. HP: 7/7 MP: 4/4
   446 | D:1      | Reached XP level 2. HP: 11/11 MP: 3/6
   450 | D:1      | Learned a level 2 spell: Searing Ray
   481 | D:1      | Reached skill level 4 in Conjurations
  1281 | D:2      | Reached XP level 3. HP: 14/14 MP: 3/7
  1970 | D:2      | Found a sparkling altar of Nemelex Xobeh.
  2144 | D:2      | Reached XP level 4. HP: 18/18 MP: 4/9
  2150 | D:2      | Learned a level 4 spell: Force Lance
  2530 | D:3      | Noticed Jessica
  2541 | D:3      | Reached skill level 1 in Translocations
  2560 | D:3      | Killed Jessica
  2565 | D:3      | Noticed gobwax's ghost (weakling MiFi)
  2878 | D:3      | Noticed Grinder
  2968 | D:3      | Reached skill level 5 in Conjurations
  3043 | D:3      | Paralysed by Grinder for 2 turns
  3045 | D:3      | HP: 8/18 [Grinder (3)]
  3074 | D:3      | Reached XP level 5. HP: 7/21 MP: 2/10
  3451 | D:3      | Killed Grinder
  3451 | D:3      | Gained mutation: You are covered in thick fur. (AC +2) [Felid growth]
  3451 | D:3      | Reached XP level 6. HP: 16/24 MP: 1/12
  3476 | D:3      | Learned a level 4 spell: Fulminant Prism
  3565 | D:3      | Killed gobwax's ghost
  3661 | D:3      | Found a white marble altar of Elyvilon.
  3828 | D:3      | Reached skill level 1 in Hexes
  4066 | D:4      | Found a staircase to the Ecumenical Temple.
  4079 | Temple   | Entered the Ecumenical Temple
  4158 | Temple   | Became a worshipper of Ashenzari the Shackled
  4496 | D:4      | Found a snail-covered altar of Cheibriados.
  4755 | D:5      | Entered Level 5 of the Dungeon
  4760 | D:5      | Reached * piety under Ashenzari
  5038 | D:5      | HP: 7/24 [centaur (9)]
  5039 | D:5      | Reached skill level 6 in Conjurations
  5039 | D:5      | Reached XP level 7. HP: 8/27 MP: 8/13
  5971 | D:6      | HP: 13/27 [orc/hand axe (3)]
  5973 | D:6      | Killed from afar by a shadow imp
  5974 | D:6      | Reached XP level 6. HP: -6/24 MP: 8/12
  5977 | D:6      | Noticed hilaritas's ghost (novice DEIE)
  5981 | D:6      | Noticed an ice beast
  5982 | D:6      | HP: 12/24 [hilaritas's ghost/puff of frost (12)]
  5983 | D:6      | Killed from afar by hilaritas's ghost
  5984 | D:6      | Reached XP level 5. HP: -5/21 MP: 1/11
  5984 | D:6      | Quit the game

Skill      XL: |  1  2  3  4  5  6  7 |
---------------+----------------------+-----
Conjurations   | 4 5 6 |  6.3
Translocations | 2 3 4 |  4.9
Spellcasting   | 3 |  3.9
Hexes          | 2 3 |  3.4
Dodging        | |  2.6
Stealth        | |  2.6

Action                   |  1- 3 |  4- 6 |  7- 9 || total
-------------------------+-------+-------+-------++-------
Melee: Unarmed           |     3 |    13 |       ||    16
       Bite              |     1 |     1 |       ||     2
 Cast: Magic Dart        |    87 |    78 |    32 ||   197
       Searing Ray       |     5 |    17 |       ||    22
       Force Lance       |       |     1 |       ||     1
       Fulminant Prism   |       |     3 |     1 ||     4
Invok: Curse Item        |       |     2 |       ||     2
  Use: Scroll            |       |    16 |       ||    16
  Eat: Chunk             |    11 |     6 |     1 ||    18
Armor: Skin              |       |     5 |     1 ||     6
Dodge: Dodged            |    23 |    38 |     5 ||    66
